 Dungeon Crawl Stone Soup version 0.18.1-8-gdd0e5ea (webtiles) character file.

6 M4edhros the Grave Robber (level 1, -1/11 HPs)
             Began as an Octopode Necromancer on June 6, 2016.
             Slain by a jackal (2 damage)
             ... on level 1 of the Dungeon.
             The game lasted 00:00:33 (127 turns).

M4edhros the Grave Robber (Octopode Necromancer)     Turns: 127, Time: 00:00:33

Health: -1/11      AC:  1    Str:  7    XL:     1   Next: 90%
Magic:  1/3        EV: 12    Int: 17    God:
Gold:   12         SH:  0    Dex: 12    Spells: 2 memorised, 2 levels left

rFire  . . .     SeeInvis .     a - book of Necromancy
rCold  . . .     Gourm    .     (no shield)
rNeg   . . .     Faith    .     (helmet restricted)
rPois  .         Spirit   .     (no amulet)
rElec  .         Dismiss  .     (no ring)
rCorr  .         Reflect  .     (no ring)
SustAt .         Harm     .     (no ring)
MR     .....                    (no ring)
Stlth  +++.......               (no ring)
                                (no ring)
                                (no ring)
                                (no ring)

@: not resistant to hostile enchantments, fairly stealthy
A: almost no armour, amphibious, 8 rings, constrict 8, camouflage 1, gelatinous
body 1
a: no special abilities


You were on level 1 of the Dungeon.
You were not hungry.

You visited 1 branch of the dungeon, and saw 1 of its levels.

You collected 12 gold pieces.

Inventory:

Hand Weapons
 c - a +1 dagger of draining
Scrolls
 e - a scroll of teleportation {unknown}
Potions
 d - a potion of brilliance {unknown}
Books
 a - a book of Necromancy (in tentacle)

   Spells                             Type                      Level
   a - Pain                           Necromancy                   1
   b - Animate Skeleton               Necromancy                   1
   c - Vampiric Draining              Necromancy                   3
   d - Regeneration                   Charms/Necromancy            3
   e - Animate Dead                   Necromancy                   4
   f - Control Undead                 Necromancy                   4
Comestibles
 b - a bread ration
 f - a meat ration
 g - 2 chunks of flesh


   Skills:
 - Level 2.0 Dodging
 - Level 2.6 Stealth
 + Level 1.4 Unarmed Combat
 - Level 2.0 Spellcasting
 - Level 4.0 Necromancy


You had 2 spell levels left.
You knew the following spells:

 Your Spells              Type           Power        Failure   Level  Hunger
a - Pain                  Necr           ###.         3%          1    #......
b - Animate Skeleton      Necr           N/A          3%          1    #......


Dungeon Overview and Level Annotations

Branches:
Dungeon (1/15)

Altars:


Innate Abilities, Weirdness & Mutations

You cannot wear most types of armour.
You are amphibious.
You can wear up to eight rings at the same time.
You can use your tentacles to constrict eight enemies at once.
Your skin changes colour to match your surroundings (Stealth).
Your rubbery body absorbs attacks (AC +1).


Message History

Press: ? - help, Shift-Dir - straight line, f/p - goblin
Aim: a goblin, wielding a club (moderately wounded, chance to defeat MR: 92%)
The goblin convulses in agony!
You kill the goblin!
Casting: Pain
Confirm with . or Enter, or press ? or * to list all spells.
Aiming: Pain
Press: ? - help, Shift-Dir - straight line, f - goblin
Aim: a goblin, wielding a club (chance to defeat MR: 92%)
The goblin convulses in agony!
You kill the goblin!
Things that are here:
a club; a goblin corpse Wield which item (- for none, * to show all)? (? for menu, Esc to quit)
a - a book of Necromancy (in tentacle)
You swing at nothing.
You swing at nothing.
You swing at nothing.
The jackal barely misses you.
You swing at nothing.
The jackal barely misses you. The jackal bites you.
You die...

###...##..# #...##..#..
.### #.......#... ....
#.......#...# .....
#.......#...#### .....
#..###..#.#....#......
###..# #..#......#......
.....# #..#...#..h......
.....###..#.....@.......
..........#....Z.#......
##........#.#..)..#.....
#........#.#.###.# ....
#..####..#.#.## .......
#..# #..#....#..#.# ##
##..# #....#.....#.#
....# #..####......#
....####..# ....###


You could see a jackal and a friendly hobgoblin skeleton.

Vanquished Creatures
  3 goblins (D:1)
  A hobgoblin (D:1)
  A jackal (D:1)
5 creatures vanquished.

Notes
Turn   | Place    | Note
--------------------------------------------------------------
     0 | D:1      | M4edhros the Octopode Necromancer began the quest for the Orb.
     0 | D:1      | Reached XP level 1. HP: 11/11 MP: 3/3
    87 | D:1      | Learned a level 1 spell: Animate Skeleton
   103 | D:1      | Reached skill level 1 in Unarmed Combat
   127 | D:1      | Slain by a jackal

Skill      XL: |  1 |
---------------+----+-----
Unarmed Combat | 1 |  1.4
Dodging        | |  2.0
Stealth        | |  2.6
Spellcasting   | |  2.0
Necromancy     | |  4.0

Action                   || total
-------------------------++-------
Melee: Dagger            ||     5
       Tentacles         ||     2
       Unarmed           ||     1
       Constrict         ||     1
 Cast: Pain              ||     3
       Animate Skeleton  ||     1
 Stab: Sleeping          ||     1
Dodge: Dodged            ||     3
